 Dungeon Crawl Stone Soup version 0.27-a0-54-g64bdb92e38 (webtiles) character file.

Game seed: 10776922625146155285

3963 Borgoz the Protected (level 10, -3/63 HPs)
             Began as a Halfling Fighter on Jan 7, 2021.
             Was a Follower of Hepliaklqana.
             Slain by a hornet (6 damage)
             ... while petrified by a basilisk
             ... on level 8 of the Dungeon.
             The game lasted 00:18:18 (9136 turns).

Borgoz the Protected (Halfling Fighter)             Turns: 9136, Time: 00:18:18

Health: -3/63      AC:  9    Str: 24    XL:     10   Next: 45%
Magic:  10/10      EV:  3    Int:  6    God:    Hepliaklqana [*.....]
Gold:   562        SH:  0    Dex: 17    Spells: 9/9 levels left

rFire    . . .     SeeInvis .   b - +0 dagger (venom)
rCold    + . .     Faith    .   c - +0 kite shield
rNeg     + + +     Spirit   .   s - +0 ring mail {rC+}
rPois    ∞         Reflect  .   (no helmet)
rElec    .         Harm     .   (no cloak)
rCorr    .         Rampage  .   o - +0 pair of gloves (curse)
Will     .....                  g - +0 pair of boots
Stlth    ++........             w - amulet of regeneration
HPRegen  0.60/turn              f - +6 ring of strength
MPRegen  0.12/turn              (no ring)

@: lethally poisoned (-3 -> -3), petrified, slowed
A: small, reduced essence, mutation resistance 1
a: Renounce Religion, Recall Ancestor, Ancestor Identity


You were on level 8 of the Dungeon.
You worshipped Hepliaklqana.
Hepliaklqana was aware of your devotion.
You visited 2 branches of the dungeon, and saw 9 of its levels.

You collected 562 gold pieces.

Inventory:

Hand Weapons
 a - a +0 short sword of flaming
 b - a +0 dagger of venom (weapon)
 m - a +0 long sword
Armour
 c - a +0 kite shield (worn)
 g - a +0 pair of boots (worn)
 o - a cursed +0 pair of gloves (worn)
 s - a +0 ring mail of cold resistance (worn)
Jewellery
 f - a +6 ring of strength (left hand)
 w - an amulet of regeneration (around neck)
Wands
 k - a wand of disintegration (19)
 l - a wand of random effects (31)
 n - a wand of iceblast (17)
 v - a wand of polymorph (22)
Scrolls
 h - a scroll of fog
 p - a scroll of amnesia
 r - a scroll of remove curse
 u - 2 scrolls of identify
Potions
 d - 4 potions of might
 e - a potion of haste
 i - a potion of magic {unknown}
 j - 2 potions of flight
 t - a potion of curing
 x - 2 potions of brilliance
 z - a potion of mutation {unknown}


   Skills:
 * Level 7.3 Fighting
 + Level 6.0(6.3) Short Blades
 - Level 2.3(3.9) Long Blades
 * Level 8.7 Armour
 + Level 5.3 Dodging
 - Level 5.0 Stealth
 + Level 6.6 Shields


You had 9 spell levels left.
You didn't know any spells.
Your spell library contained the following spells:

 Spells                   Type           Power        Failure   Level
 Summon Small Mammal      Summ           0%           95%         1
 Call Imp                 Summ           0%           99%         2
 Call Canine Familiar     Summ           0%           100%        3
 Summon Guardian Golem    Hex/Summ       0%           100%        3
 Summon Ice Beast         Ice/Summ       0%           100%        4
 Summon Lightning Spire   Summ/Air       0%           100%        4


Dungeon Overview and Level Annotations

Branches:
Dungeon (8/15)             Temple (1/1) D:6
   Lair: D:8-11

Altars:
Ashenzari
Cheibriados
Dithmenos
Elyvilon
Fedhas
Gozag
Hepliaklqana
Kikubaaqudgha
Makhleb
Nemelex Xobeh
Okawaru
Qazlal
Ru
Sif Muna
Trog
Uskayaw
Vehumet
Wu Jian
Xom
Yredelemnul
Zin
The Shining One


Innate Abilities, Weirdness & Mutations

You are small and have problems with some larger weapons.
You are somewhat resistant to further mutation.
Your life essence is reduced to manifest your ancestor. (-10% HP)


Message History

* * * LOW HITPOINT WARNING * * *
Ayize barely misses the orc warrior.
The hornet stings you!
* * * LOW HITPOINT WARNING * * *
You feel as though you will be slow longer.
You can move again.
You have turned to stone.
The basilisk bites Ayize.
The orc warrior hits you from afar with a +0 trident.
* * * LOW HITPOINT WARNING * * *
The hornet stings you.
* * * LOW HITPOINT WARNING * * *
Ayize misses the orc warrior.
The hornet stings you!
* * * LOW HITPOINT WARNING * * *
The basilisk bites Ayize.
The orc warrior barely misses you.
Ayize barely misses the basilisk.
The hornet stings you but does no damage.
You hear the loud creaking of a distant portcullis.
The basilisk bites Ayize!
The hornet stings you!
You die...

#...# #...##
#...# #...#
#...# #l).#
####oR.####
#..yo.)...##
#.@#..).....
#..#.....###
##.#.#...# .
#.#.#...#
#.#.#...#
#.#.#...#
#.#.# #.. .
#.#.# ##. ..
#.#.#


You could see the friendly Ayize the ancestor, a basilisk, a hornet, an orc
warrior and an orc.

Vanquished Creatures
  Pikel (D:8)
  A deep elf mage (D:8)
  Grinder (D:3)
  Sigmund (D:2)
  A sky beast (D:8)
  An orc warrior (D:8)
  3 centaurs
  A lemure (D:8)
  5 big kobolds
  A bullfrog (D:7)
  2 scorpions
  3 killer bees (D:8)
  3 wights (D:8)
  A howler monkey (D:7)
  A jelly (D:3)
  3 hounds
  An orc priest (D:7)
  3 orc wizards
  A bullfrog skeleton (D:4)
  4 iguanas
  3 worker ants
  A worker ant zombie (D:6)
  9 gnolls
  7 adders
  A shadow imp (D:6)
  2 white imps
  3 ufetubi (D:8)
  2 oozes (D:2)
  A worm (D:2)
  4 dart slugs
  5 leopard geckos
  25 orcs
  5 giant cockroaches
  25 hobgoblins
  20 jackals
  18 kobolds
  3 quokkas
  9 bats
  6 frilled lizards
  36 goblins
  9 rats
232 creatures vanquished.

Vanquished Creatures (collateral kills)
  2 orc warriors
  A phantom (D:7)
  A big kobold (D:8)
  A bullfrog (D:7)
  3 killer bees (D:8)
  2 wights (D:8)
  An orc wizard (D:8)
  3 worker ants
  A leopard gecko (D:8)
  7 orcs
  A quokka (D:7)
  5 kobolds
28 creatures vanquished.

Vanquished Creatures (others)
  2 ancestors (D:8)
2 creatures vanquished.

Grand Total: 262 creatures vanquished

Notes
Turn   | Place    | Note
-------+----------+-------------------------------------------
     0 | D:1      | Borgoz the Halfling Fighter began the quest for the Orb.
     0 | D:1      | Reached XP level 1. HP: 15/15 MP: 1/1
   160 | D:1      | Reached XP level 2. HP: 16/20 MP: 2/2
   636 | D:1      | Reached XP level 3. HP: 18/26 MP: 3/3
  1374 | D:2      | Noticed Sigmund
  1383 | D:2      | Killed Sigmund
  1384 | D:2      | Reached skill level 1 in Short Blades
  1384 | D:2      | Reached skill level 4 in Armour
  1384 | D:2      | Reached skill level 1 in Dodging
  1384 | D:2      | Reached skill level 1 in Stealth
  1384 | D:2      | Reached XP level 4. HP: 24/33 MP: 4/4
  1384 | D:2      | Reached XP level 5. HP: 27/37 MP: 5/5
  1384 | D:2      | Reached XP level 6. HP: 31/43 MP: 6/6
  2873 | D:3      | Noticed Grinder
  2902 | D:3      | Paralysed by Grinder for 6 turns
  2921 | D:3      | Paralysed by Grinder for 6 turns
  2931 | D:3      | Killed Grinder
  2932 | D:3      | Reached skill level 5 in Armour
  2932 | D:3      | Reached XP level 7. HP: 15/49 MP: 7/7
  3876 | D:4      | Found an opulent altar of Gozag.
  4193 | D:5      | Entered Level 5 of the Dungeon
  4477 | D:5      | Reached XP level 8. HP: 22/54 MP: 8/8
  4988 | D:5      | Reached skill level 5 in Fighting
  4996 | D:5      | Reached skill level 6 in Armour
  5032 | D:5      | Reached skill level 5 in Shields
  5863 | D:5      | Found a bloodstained altar of Trog.
  5869 | D:5      | Found a snail-covered altar of Cheibriados.
  6850 | D:6      | Found a staircase to the Ecumenical Temple.
  6864 | Temple   | Entered the Ecumenical Temple
  6990 | Temple   | Became a worshipper of Hepliaklqana the Forgotten
  7045 | D:6      | Reached XP level 9. HP: 48/54 MP: 9/9
  7498 | D:6      | Found a burning altar of Makhleb.
  7728 | D:7      | Found a shadowy altar of Dithmenos.
  7998 | D:7      | Reached * piety under Hepliaklqana
  8016 | D:7      | Reached skill level 7 in Armour
  8611 | D:8      | Noticed Pikel
  8638 | D:8      | Killed Pikel
  8639 | D:8      | Reached skill level 5 in Short Blades
  8639 | D:8      | Reached XP level 10. HP: 52/62 MP: 10/10
  8836 | D:8      | Reached skill level 5 in Stealth
  8849 | D:8      | Reached skill level 8 in Armour
  8873 | D:8      | Noticed a white ugly thing
  8874 | D:8      | Noticed a deep elf mage
  8882 | D:8      | Noticed an eight-headed hydra
  8894 | D:8      | Killed a deep elf mage
  8895 | D:8      | Reached skill level 5 in Dodging
  9125 | D:8      | Paralysed by a hornet for 1 turns
  9133 | D:8      | Paralysed by a hornet for 1 turns
  9135 | D:8      | HP: 2/63 [hornet (3)]
  9136 | D:8      | Slain by a hornet

Illustrated notes

Levels and vault maps discovered:
D:1:      saegor_arrival_miasma, layout_basic
D:2:      layout_loops_cross, uniq_sigmund
D:3:      layout_rooms, chequers_serial_rivers_small_3,
          chequers_serial_rivers_micro_a, uniq_grinder
D:4:      layout_basic, general_overflow_altar
D:5:      minmay_goblin_kobold_castle, layout_basic, grunt_temple_overflow_open,
          corexii_mini_fake_secret_closet
D:6:      layout_loops_ring, minmay_temple_entry_offerings, basic_altar
D:7:      layout_loops_ring, lemuel_round_altar
D:8:      hangedman_cross_veins, layout_rooms, ebering_ghost_inner_flame,
          enter_bailey_2, serial_co_window_serial, co_window_paths_b,
          co_window_corner_a, co_window_of_opportunity_a, co_window_corner_a,
          co_window_paths_a, co_window_broadway_c, co_window_2corner,
          co_window_2corner, co_window_2corner, co_window_corner_b,
          co_window_of_opportunity_b, glass_columns_b, glass_columns_c,
          glass_columns_a, uniq_pikel
Temple:   compressed_dpeg_circular_temple

Skill      XL: |  1  2  3  4  5  6  7  8  9 10 |
---------------+-------------------------------+-----
Fighting       | 3 4 5 6 7 |  7.3
Short Blades   | 1 2 3 4 5 6 |  6.0
Armour         | 4 5 6 7 8 |  8.7
Dodging        | 1 2 3 4 5 |  5.3
Stealth        | 1 2 3 4 5 |  5.0
Shields        | 4 5 6 |  6.6
Long Blades    | |  2.3

Action                   |  1- 3 |  4- 6 |  7- 9 | 10-12 || total
-------------------------+-------+-------+-------+-------++-------
Melee: Long sword        |    32 |       |       |       ||    32
       Dagger            |    46 |   254 |   540 |   146 ||   986
       Short sword       |       |       |    52 |       ||    52
       Unarmed           |       |       |     1 |    12 ||    13
Invok: Recall Ancestor   |       |       |     1 |       ||     1
  Use: Scroll            |     3 |     4 |    10 |     1 ||    18
       Potion            |     1 |     4 |     1 |     1 ||     7
 Stab: Distracted        |       |       |     3 |       ||     3
       Sleeping          |       |       |     1 |     2 ||     3
Armor: Scale mail        |    37 |    81 |   120 |       ||   238
       Skin              |       |     7 |       |       ||     7
       Ring mail         |       |       |    41 |    37 ||    78
Dodge: Dodged            |    29 |   113 |   251 |    79 ||   472
Block: Kite shield       |    42 |   152 |   346 |   103 ||   643
       Rpst.: Long sword |     4 |       |       |       ||     4

Table legend: (Time is in decaauts)
 A = Elapsed time spent in this place.
 B = Non-inter-level travel time spent in this place.
 C = Inter-level travel time spent in this place.
 D = Time resting spent in this place.
 E = Time spent auto-exploring this place.
 F = Levels seen in this place.
 G = Mean time per level.
                   A        B        C        D        E       F      G
               +--------+--------+--------+--------+--------+-----+--------+
         Total |   9047 |   8776 |    271 |   1741 |   5032 |   9 | 1005.2 |
       Dungeon |   8911 |   8649 |    262 |   1741 |   4946 |   8 | 1113.9 |
        Temple |    135 |    126 |      9 |      0 |     86 |   1 |  135.0 |
               +--------+--------+--------+--------+--------+-----+--------+

Top non-repeatable levels by time:
     D:5: 2241 daAuts
     D:1: 1384 daAuts
     D:3: 1279 daAuts
     D:7: 985 daAuts
     D:6: 975 daAuts
     D:4: 797 daAuts
     D:2: 732 daAuts
     D:8: 513 daAuts
  Temple: 135 daAuts
